 Dungeon Crawl Stone Soup version 0.17.0-9-g801d43b (webtiles) character file.

478 oplop the Sneak (level 7, -3/37 HPs)
             Began as a Vine Stalker Assassin on Nov 9, 2015.
             Slain by an orc priest
             ... wielding a +0 flail
              (7 damage)
             ... on level 4 of the Dungeon.
             The game lasted 00:04:47 (2700 turns).

oplop the Sneak (Vine Stalker Assassin)             Turns: 2700, Time: 00:04:48

Health: -3/37      AC:  5    Str: 14    XL:     7   Next: 11%
Magic:  0/8        EV: 11    Int: 11    God:
Gold:   221        SH:  6    Dex: 17    Spells: 0 memorised, 6 levels left

rFire  . . .     SeeInvis .     a - +3 dagger
rCold  . . .     Clarity  .     c - +0 robe
rNeg   . . .     SustAt   .     i - +1 buckler
rPois  .         Gourm    +     (no helmet)
rElec  .         Spirit   +     d - +0 cloak
rCorr  .         Warding  .     n - +0 pair of gloves
rMut   .         Stasis   .     o - +0 pair of boots
MR     .....                    x - amulet of the gourmand
Stlth  ++++......               (no ring)
                                w - ring of wizardry

@: not resistant to hostile enchantments, stealthy
A: fangs 2, regeneration 2, magic shield, antimagic bite, no device heal 3, rot
immunity
a: no special abilities


You were on level 4 of the Dungeon.
You were not hungry.

You visited 1 branch of the dungeon, and saw 4 of its levels.

You collected 221 gold pieces.

Inventory:

Hand Weapons
 a - a +3 dagger (weapon)
 b - a +0 blowgun
Missiles
 e - 8 poisoned needles
 f - 2 curare-tipped needles
Armour
 c - a +0 robe (worn)
 d - a +0 cloak (worn)
 i - a +1 buckler (worn)
 n - a +0 pair of gloves (worn)
 o - a +0 pair of boots (worn)
Jewellery
 w - a ring of wizardry (left hand)
 x - an amulet of the gourmand (around neck)
Scrolls
 h - 2 scrolls of amnesia
 l - 6 scrolls of identify {unknown}
 q - 2 scrolls of enchant weapon
 t - a scroll of immolation {unknown}
Potions
 j - a potion of agility {unknown}
 p - a potion of haste {unknown}
 r - a potion of magic {unknown}
 s - a potion of heal wounds {unknown}
 u - 2 potions of curing {unknown}
 v - a potion of ambrosia {unknown}
 A - a potion of cancellation {unknown}
Comestibles
 g - 2 bread rations
 k - 5 meat rations
 z - 4 fruits


   Skills:
 + Level 3.7 Fighting
 + Level 3.5 Short Blades
 - Level 1.7 Throwing
 - Level 0.7 Dodging
 + Level 7.0 Stealth
 + Level 2.7 Shields


You had 6 spell levels left.
You didn't know any spells.

Dungeon Overview and Level Annotations

Branches:
Dungeon (4/15)
 Temple: D:4-7

Altars:


Innate Abilities, Weirdness & Mutations

You have extremely sharp teeth.
You heal very quickly.
When hurt, damage is shared between your health and your magic reserves.
Your bite disrupts and absorbs the magic of your enemies.
Potions and wands cannot restore your health.
You are immune to rotting.


Message History

You bite the giant gecko, but do no damage.
The giant gecko is severely wounded.
The giant gecko bites you but does no damage.
The orc hits you with a dagger. The orc hits you with a short sword!
You hit the giant gecko.
The giant gecko is almost dead.
The giant gecko bites you. The orc barely misses you.
You block the orc priest's attack. The orc hits you but does no damage.
You hit the giant gecko.
You kill the giant gecko!
You hit the orc priest but do no damage.
The orc priest invokes the aid of Beogh against you.
Something smites you!
* * * LOW HITPOINT WARNING * * *
The orc hits you with a short sword.
* * * LOW HITPOINT WARNING * * *
You hit the orc priest. Your bite misses the orc priest.
The orc priest is lightly wounded.
The orc priest hits you with a flail!
You die...

..######### ### #........#
########. #........#
#........ #........#
#........ #........#
#........
#........######...##.
.....#'###.......#...##.
... #...#...)...'...... .
#.@o#...)...#......
......#.oo#.......#......
.....###o#.......#'#####
#......#.#######........
#......#.. #...#........
#......#...#...#........
#......#...#...#........
#......#...#...#........
###.....†######..#........


You could see an orc priest and 3 orcs.

Vanquished Creatures
  An ogre (D:4)
  An orc priest (D:3)
  A centaur skeleton (D:4)
  3 hounds (D:4)
  3 orc wizards
  2 worker ants (D:4)
  3 adders
  A shadow imp (D:4)
  An adder skeleton (D:4)
  4 worms
  A giant gecko (D:4)
  9 orcs
  6 bats
  5 giant cockroaches
  5 goblins
  10 hobgoblins
  5 jackals
  3 kobolds
  2 giant newts
  6 rats
72 creatures vanquished.

Notes
Turn   | Place    | Note
--------------------------------------------------------------
     0 | D:1      | oplop the Vine Stalker Assassin began the quest for the Orb.
     0 | D:1      | Reached XP level 1. HP: 11/11 MP: 2/2
   267 | D:1      | Reached XP level 2. HP: 15/15 MP: 3/3
   313 | D:1      | Reached skill level 5 in Stealth
   965 | D:2      | Reached XP level 3. HP: 15/18 MP: 4/4
  1109 | D:2      | Reached skill level 1 in Shields
  1597 | D:3      | Reached XP level 4. HP: 19/23 MP: 3/5
  1942 | D:3      | Reached XP level 5. HP: 6/28 MP: 0/6
  2139 | D:4      | Reached skill level 6 in Stealth
  2275 | D:4      | Gained mutation: You heal very quickly. [Vine Stalker growth]
  2275 | D:4      | Reached XP level 6. HP: 29/32 MP: 7/7
  2449 | D:4      | Noticed an ogre
  2475 | D:4      | Killed an ogre
  2514 | D:4      | Reached XP level 7. HP: 34/37 MP: 8/8
  2653 | D:4      | Reached skill level 7 in Stealth
  2700 | D:4      | Slain by an orc priest

Action                   |  1- 3 |  4- 6 |  7- 9 || total
-------------------------+-------+-------+-------++-------
Melee: Dagger            |    73 |   114 |    38 ||   225
 Fire: Blowgun           |     3 |    10 |     8 ||    21
  Use: Scroll            |     6 |       |     1 ||     7
 Stab: Sleeping          |    17 |     7 |       ||    24
  Eat: Chunk             |     1 |     2 |     2 ||     5
       Royal jelly       |     1 |       |       ||     1
